 Dungeon Crawl Stone Soup version 0.26.1-2-gb8aa6d0cf2 (webtiles) character file.

Game seed: 9674914466217562037

140 iforgotmypw the Magician (level 5, -2/58 HPs)
             Began as a Human Hedge Wizard on Mar 13, 2021.
             Killed from afar by an orc wizard (8 damage)
             ... with a magic dart
             ... on level 4 of the Dungeon.
             The game lasted 00:20:49 (4338 turns).

iforgotmypw the Magician (Human Hedge Wizard)       Turns: 4338, Time: 00:20:49

Health: -2/58      AC: 22    Str:  6    XL:     5   Next: 46%
Magic:  1/9        EV:  2    Int: 16    God:
Gold:   107        SH:  0    Dex: 12    Spells: 2/10 levels left

rFire    . . .     SeeInvis .   a - +0 dagger
rCold    . . .     Faith    .   (no shield)
rNeg     + + +     Spirit   .   (armour currently unavailable)
rPois    +         Reflect  .   (helmet currently unavailable)
rElec    .         Harm     .   (cloak currently unavailable)
rCorr    .         Rampage  .   (gloves currently unavailable)
Will     .....     NoTele   +   (boots currently unavailable)
Stlth    ++........             (no amulet)
HPRegen  0.19/turn              m - +4 ring of slaying
MPRegen  0.11/turn              n - -4 ring of strength

@: tree-form, very slightly contaminated
A: no striking features
a: no special abilities


You were on level 4 of the Dungeon.
You were a tree.
You visited 1 branch of the dungeon, and saw 4 of its levels.

You collected 107 gold pieces.

Inventory:

Hand Weapons
 a - a +0 dagger (weapon)
Missiles
 g - 4 atropa-tipped darts
 i - a throwing net
Armour
 b - a +0 robe (melded)
 c - a +0 hat
 k - a +0 ring mail
 t - a +0 helmet (melded)
Jewellery
 m - a +4 ring of slaying (left branch)
 n - a -4 ring of strength (right branch)
 q - an uncursed ring of positive energy
 s - an uncursed amulet of regeneration {unknown}
Scrolls
 d - a scroll of enchant weapon {unknown}
 f - 2 scrolls of remove curse
 h - a scroll of fear
 l - 2 scrolls of identify
 o - 2 scrolls of teleportation
 p - 2 scrolls of amnesia


   Skills:
 + Level 2.5 Fighting
 - Level 2.0 Short Blades
 - Level 0.1 Armour
 - Level 2.7 Dodging
 - Level 2.0 Stealth
 - Level 3.0 Spellcasting
 - Level 2.4 Conjurations
 - Level 1.0 Summonings
 - Level 1.0 Translocations


You had 2 spell levels left.
You knew the following spells:

 Your Spells              Type           Power        Failure   Level
a - Magic Dart            Conj           40%          7%          1
b - Blink                 Tloc           N/A          19%         2
c - Call Imp              Summ           5%           19%         2
d - Mephitic Cloud        Conj/Pois/Air  5%           36%         3

Your spell library contained the following spells:

 Spells                   Type           Power        Failure   Level
 Slow                     Hex            2%           28%         2
 Conjure Flame            Conj/Fire      6%           32%         3


Dungeon Overview and Level Annotations

Branches:
Dungeon (4/15)
 Temple: D:4-7

Altars:


Message History

Casting: Call Imp (safe; 19% risk of failure)
Confirm with . or Enter, or press ? or * to list all spells.
You miscast Call Imp.
Nothing appears to happen.
Something hits you but does no damage.
Unknown command.
Casting: Call Imp (safe; 19% risk of failure)
Confirm with . or Enter, or press ? or * to list all spells.
A beastly little devil appears in a puff of flame.
Something hits you but does no damage.
Unknown command.
Casting: Call Imp (safe; 19% risk of failure)
Confirm with . or Enter, or press ? or * to list all spells.
You don't have enough magic to cast that spell.
Unknown command.
As you read the scroll labelled PUMAM WUEHA, it crumbles to dust.
You smell clean mountain air.
It was a scroll of random uselessness.
You hear some strange, mumbled words.
A magic dart appears from out of thin air!
The magic dart hits you!
You die...

#...../##.#
#...'........##
#......o..#
#####........##
#.#........#
#........#
#.#.#.......###
#####'####
.#.#.#........# #.#
#.##.#...!##.# #.#
# ##.#...##.#
###.#####
##.#..##{#
#.#.#...# ##.#.#♣.#
#...#.#.# ##.##.##
#.###.#.# # #5# #.#
#.#.# ..# #.# #.#.#
#### #.# #.#.# #.#
#.#.# #.###.#.#
#.....#..
###################


You could see a friendly crimson imp (summoned).

Vanquished Creatures
  Jessica (D:3)
  3 adders
  An ooze (D:3)
  A worm (D:2)
  A dart slug (D:4)
  4 leopard geckos
  An orc (D:3)
  2 ball pythons
  7 bats
  5 giant cockroaches
  8 goblins
  8 hobgoblins
  4 jackals (D:2)
  12 kobolds
  A quokka (D:3)
  4 frilled lizards
  7 rats
70 creatures vanquished.

Notes
Turn   | Place    | Note
-------+----------+-------------------------------------------
     0 | D:1      | iforgotmypw the Human Hedge Wizard began the quest for the
                  | Orb.
     0 | D:1      | Reached XP level 1. HP: 13/13 MP: 4/4
   176 | D:1      | Reached XP level 2. HP: 19/19 MP: 3/6
   712 | D:1      | Reached XP level 3. HP: 24/24 MP: 4/7
   939 | D:1      | Reached skill level 1 in Fighting
  1959 | D:2      | Reached XP level 4. HP: 33/33 MP: 3/8
  2421 | D:2      | Learned a level 2 spell: Blink
  2424 | D:2      | Learned a level 2 spell: Call Imp
  2428 | D:2      | Learned a level 3 spell: Mephitic Cloud
  2771 | D:3      | Reached skill level 1 in Short Blades
  3290 | D:3      | Noticed Jessica
  3445 | D:3      | Killed Jessica
  3446 | D:3      | Reached XP level 5. HP: 21/38 MP: 3/9
  4032 | D:4      | Noticed a sky beast
  4338 | D:4      | Killed from afar by an orc wizard

Illustrated notes

Levels and vault maps discovered:
D:1:      erik_arrival_cave_to_civilisation [erik_arrival_cave_to_hall],
          layout_basic
D:2:      layout_basic, grunt_ministairs_1
D:3:      layout_basic, serial_bayou_pond_e, kennysheep_jessica_study
D:4:      wad_pebble_path, layout_basic, serial_bayou_pond_e,
          roderic_st_hans_cross, uniq_ijyb

Skill      XL: |  1  2  3  4 |
---------------+-------------+-----
Conjurations   | 2 |  2.4
Fighting       | 2 |  2.5
Short Blades   | 2 |  2.0
Armour         | |  0.1
Dodging        | |  2.7
Stealth        | |  2.0
Spellcasting   | |  3.0
Summonings     | |  1.0
Translocations | |  1.0

Action                   |  1- 3 |  4- 6 || total
-------------------------+-------+-------++-------
Melee: Dagger            |    96 |    32 ||   128
 Cast: Magic Dart        |    64 |    66 ||   130
       Call Imp          |       |     1 ||     1
  Use: Scroll            |       |     6 ||     6
       Potion            |       |     3 ||     3
 Stab: Sleeping          |       |     1 ||     1
Armor: Robe              |    23 |     2 ||    25
       Skin              |       |     5 ||     5
Dodge: Dodged            |    79 |    22 ||   101
